 Dungeon Crawl Stone Soup version 0.30-a0-1114-gd936c97349 (webtiles) character file.

Game seed: 2047775713444329902

6182 leviel the Fighter (level 10, -2/91 HPs)
             Began as a Hill Orc Fighter on Apr 20, 2023.
             Was an Initiate of Okawaru.
             Slain by a vampire mosquito (7 damage)
             ... on level 10 of the Dungeon.
             The game lasted 00:13:52 (9283 turns).

leviel the Fighter (Hill Orc Fighter)               Turns: 9283, Time: 00:13:53

Health: -2/91      AC: 18    Str: 26    XL:     10   Next: 91%
Magic:  10/10      EV:  7    Int: 10    God:    Okawaru [......]
Gold:   588        SH:  0    Dex: 12    Spells: 9/9 levels left

rFire   . . .      SeeInvis .    e - +5 rapier (flame)
rCold   . . .      Faith    .    f - +2 buckler
rNeg    . . .      Spirit   .    G - +1 plate armour
rPois   .          Reflect  +    A - +2 helmet
rElec   .          Rampage  .    (no cloak)
rCorr   +                        (no gloves)
Will    .....                    (no boots) Stlth
                                 h - amulet of reflection
HPRegen 0.35/turn                n - ring of resist corrosion
MPRegen 0.12/turn                z - +6 ring of strength

@: confused, ambrosia-drunk, studying Staves
A: no striking features
a: Renounce Religion


You were on level 10 of the Dungeon.
You worshipped Okawaru.
Okawaru was noncommittal.
You visited 2 branches of the dungeon, and saw 11 of its levels.

You collected 588 gold pieces.

Inventory:

Hand Weapons
 a - a +0 war axe
 e - a +5 rapier of flaming (weapon)
Armour
 f - a +2 buckler (worn)
 y - +1 swamp dragon scales
 A - a +2 helmet (worn)
 G - a +1 plate armour (worn)
Jewellery
 h - an amulet of reflection (around neck)
 n - a ring of resist corrosion (left hand)
 z - a +6 ring of strength (right hand)
 B - a ring of ice {rC+ rF-}
Wands
 l - a wand of flame (19)
 r - a wand of digging (6)
 v - a wand of charming (10)
 x - a wand of roots (10)
 D - a wand of mindburst (8)
Scrolls
 b - 2 scrolls of teleportation
 d - a scroll of silence
 k - 2 scrolls of poison
 p - a scroll of identify {@r1}
Potions
 g - a potion of berserk rage
 i - 2 potions of cancellation
 j - a potion of magic {unknown}
 m - 2 potions of brilliance
 q - 4 potions of curing {unknown}
 s - a potion of degeneration {unknown}
 t - 2 potions of haste {unknown}
 u - 2 potions of flight {unknown}


   Skills:
 + Level 9.4 Fighting
 * Level 9.3 Short Blades
 - Level 3.4(3.7) Axes
 - Level 1.6(2.7) Polearms
 - Level 1.3(1.6) Staves
 + Level 8.6 Armour
 + Level 8.6 Shields
 + Level 2.6 Evocations


You had 9 spell levels left.
You didn't know any spells.
Your spell library contained the following spells:

 Spells                   Type           Power      Damage    Failure   Level
 Kiss of Death            Conj/Necr      0%         2d5       99%         1
 Cigotuvi's Dreadful Rot  Necr/Pois/Air  0%         N/A       100%        2
 Confusing Touch          Hex            0%         N/A       100%        3
 Frozen Ramparts          Ice            0%         1d1       100%        3
 Ignite Poison            Fire/Tmut/Pois 0%         N/A       100%        3
 Volatile Blastmotes      Fire/Tloc      0%         2d10      100%        3
 Dispel Undead            Necr           0%         3d6       100%        4
 Fulminant Prism          Conj/Hex       0%         3d5       100%        4
 Ice Form                 Ice/Tmut       0%         N/A       100%        4
 Iskenderun's Mystic Bla  Conj/Tloc      0%         2d3       100%        4
 Freezing Cloud           Conj/Ice/Air   0%         6-21      100%        5
 Lee's Rapid Deconstruct  Erth           0%         3d4*      100%        5
 Summon Ice Beast         Ice/Summ       Unusable   N/A       N/A         4

Dungeon Overview and Level Annotations

Branches:
Dungeon (10/15)            Temple (1/1) D:5            Lair (0/5) D:8
    Orc (0/2) D:9

Altars:
Cheibriados
Dithmenos
Elyvilon
Fedhas
Gozag
Kikubaaqudgha
Makhleb
Nemelex Xobeh
Okawaru
Qazlal
Ru
Trog
Uskayaw
Vehumet
Xom
The Shining One

Annotations:
D:6 3 runed translucent doors, jasper's ghost, novice DsCA
D:9 Erolcha


Message History

You feel a bit more experienced. The orc hits you but does no damage.
You bump into the rock wall.
The orc hits you but does no damage.
There is a stone staircase leading down here.
The orc wizard casts a spell at you.
The puff of flame hits something.
In your confused state, you trip and fall down the stairs.
* * * LOW HITPOINT WARNING * * *
You climb downwards.
The vampire mosquito buzzes angrily. x3
Found a ring mail.
There is a stone staircase leading up here.
There are monsters nearby!
You puncture the orc! You burn the orc.
You kill the orc!
Okawaru accepts your kill.
You feel less confused.
You block the vampire mosquito's attack.
The vampire mosquito bites you.
* * * LOW HITPOINT WARNING * * *
The vampire mosquito draws strength from your injuries!
The vampire mosquito bites you.
* * * LOW HITPOINT WARNING * * *
The vampire mosquito draws strength from your injuries!
The vampire mosquito bites you.
* * * LOW HITPOINT WARNING * * *
The vampire mosquito draws strength from your injuries!
You are confused.
You feel invigorated.
The vampire mosquito bites you but does no damage. x2
The vampire mosquito bites you.
* * * LOW HITPOINT WARNING * * *
The vampire mosquito draws strength from your injuries!
The vampire mosquito barely misses you.
The vampire mosquito bites you but does no damage.
The vampire mosquito bites you.
* * * LOW HITPOINT WARNING * * *
The vampire mosquito draws strength from your injuries!
The vampire mosquito barely misses you. The vampire mosquito bites you!
You die...

#####+######
#....)<@y..#
#..[..yyy..#
#..........#
#..........#
#..........#
#..........#
#..........+
+..........#


You could see 4 vampire mosquitoes.

Vanquished Creatures
  Pikel (D:5)
  Maggie (D:6)
  A komodo dragon (D:8)
  A troll (D:8)
  Prince Ribbit (D:6)
  2 hornets
  A shadow (D:8)
  3 yaks (D:8)
  3 water moccasins
  Duvessa (D:7)
  2 orc warriors
  5 ice beasts
  A sky beast (D:8)
  An ogre (D:7)
  A centaur (D:8)
  3 phantoms
  2 kobold brigands
  2 bullfrogs (D:8)
  2 scorpions
  Dowan (D:7)
  2 wights (D:8)
  7 killer bees
  An electric eel (D:6)
  A quasit (D:6)
  3 jellies
  2 sleepcaps
  4 hounds
  5 orc priests
  3 gnoll boudas
  4 iguanas
  14 orc wizards
  13 gnolls
  5 adders
  4 shadow imps (D:6)
  5 white imps
  6 ufetubi
  A worm (D:3)
  A dart slug (D:2)
  37 orcs
  3 ball pythons (D:1)
  11 endoplasms
  2 giant cockroaches
  6 goblins
  2 hobgoblins
  4 jackals (D:3)
  5 quokkas
  6 bats
  A frilled lizard (D:3)
  12 kobolds
  5 rats
210 creatures vanquished.

Vanquished Creatures (others)
  2 orc wizards
  An orc (D:6)
  4 demonic plants (D:6)
  34 plants (D:8)
41 creatures vanquished.

Grand Total: 251 creatures vanquished

Notes
Turn   | Place    | Note
-------+----------+-------------------------------------------
     0 | D:1      | leviel the Hill Orc Fighter began the quest for the Orb.
     0 | D:1      | Reached XP level 1. HP: 19/19 MP: 1/1
   173 | D:1      | Reached XP level 2. HP: 26/27 MP: 2/2
   962 | D:2      | Reached XP level 3. HP: 30/33 MP: 3/3
  1160 | D:2      | Found a faded altar of an unknown god.
  1369 | D:2      | Identified a scroll of acquirement
  1369 | D:2      | Acquired a +5 rapier of flaming
  2213 | D:3      | Reached XP level 4. HP: 22/41 MP: 4/4
  2443 | D:3      | Reached skill level 1 in Short Blades
  2515 | D:4      | Found a burning altar of Makhleb.
  2648 | D:4      | Reached XP level 5. HP: 47/47 MP: 5/5
  3192 | D:5      | Entered Level 5 of the Dungeon
  3194 | D:5      | Noticed a phantom
  3204 | D:5      | Killed a phantom
  3205 | D:5      | Reached skill level 5 in Fighting
  3205 | D:5      | Reached XP level 6. HP: 42/56 MP: 6/6
  3442 | D:5      | Reached skill level 5 in Armour
  3569 | D:5      | Found a radiant altar of Vehumet.
  3569 | D:5      | Found a white marble altar of Elyvilon.
  3575 | D:5      | Reached skill level 5 in Shields
  3575 | D:5      | Reached XP level 7. HP: 50/61 MP: 7/7
  3693 | D:5      | Noticed Pikel
  3724 | D:5      | Killed Pikel
  3725 | D:5      | Reached XP level 8. HP: 28/70 MP: 8/8
  4006 | D:5      | Reached skill level 5 in Short Blades
  4121 | D:5      | Found a staircase to the Ecumenical Temple.
  4703 | D:6      | Noticed Prince Ribbit
  4740 | D:6      | Killed Prince Ribbit
  4979 | D:6      | Reached XP level 9. HP: 50/79 MP: 9/9
  5008 | D:6      | Noticed Maggie
  5076 | D:6      | HP: 3/79 [Maggie/+0 war axe of flaming (2)]
  5081 | D:6      | Killed Maggie
  5332 | D:6      | Found a blossoming altar of Fedhas.
  5425 | D:6      | Noticed a cyclops
  5426 | D:6      | Noticed jasper's ghost (novice DsCA)
  5427 | D:6      | Found a runed translucent gate.
  5427 | D:6      | Found a runed translucent gate.
  5427 | D:6      | Found a runed translucent gate.
  6570 | D:7      | Noticed a hornet
  6579 | D:7      | Killed a hornet
  6580 | D:7      | Reached XP level 10. HP: 59/90 MP: 10/10
  6693 | D:7      | Noticed Duvessa
  6693 | D:7      | Noticed Dowan
  6709 | D:7      | Killed Dowan
  6711 | D:7      | Killed Duvessa
  7516 | D:8      | Reached skill level 1 in Polearms
  7527 | D:8      | Reached skill level 1 in Staves
  7932 | D:8      | Paralysed by a hornet for 1 turns
  7939 | D:8      | Reached skill level 1 in Evocations
  8441 | D:8      | Found a staircase to the Lair.
  8653 | D:8      | Found a hide-covered altar of Uskayaw.
  8846 | Temple   | Entered the Ecumenical Temple
  9020 | Temple   | Became a worshipper of Warmaster Okawaru
  9194 | D:9      | Found a staircase to the Orcish Mines.
  9228 | D:9      | Noticed Erolcha
  9280 | D:10     | Entered Level 10 of the Dungeon
  9283 | D:10     | Slain by a vampire mosquito

Illustrated notes

Levels and vault maps discovered:
D:1:      lemuel_arrival_muddy, layout_loops_ring, st_stairs_6,
          corexii_leaking_fountain
D:2:      layout_basic, chequers_ecumenical_altar_simple_redux,
          nrook_mini_vaults
D:3:      layout_loops_ring
D:4:      layout_loops_cross, mainiacjoe_overflow_alcove_2, chequers_mini_garden
D:5:      layout_basic, mainiacjoe_overflow_divided_tiny,
          minmay_temple_entry_offerings, uniq_pikel
D:6:      layout_loops_corners, mainiacjoe_overflow_catwalk,
          gammafunk_ghost_split, serial_demonic, serial_demonic_f,
          serial_demonic_b, serial_demonic_f, serial_demonic_f,
          serial_demonic_e, serial_demonic_d, uniq_maggie, uniq_prince_ribbit1
D:7:      layout_rooms, uniq_duvessa
D:8:      minmay_spotlight, layout_rooms, marbit_many_paths, david_lair_shrubbed
D:9:      nzn_winding_woodlands_large [nzn_winding_woodlands_5x5_perimeter,
          nzn_winding_woodlands_5x15_eye, nzn_winding_woodlands_5x5_default,
          nzn_winding_woodlands_center_garden,
          nzn_winding_woodlands_15x15_killbox,
          nzn_winding_woodlands_center_pierced_h,
          nzn_winding_woodlands_5x5_closed_star,
          nzn_winding_woodlands_5x15_longhouse,
          nzn_winding_woodlands_5x5_three], layout_basic,
          nicolae_sif_muna_little_library, mainiacjoe_overflow_cross_hatched,
          minmay_crystal_water, uniq_gastronok, uniq_erolcha
D:10:     layout_roguey [special_room_orc], zin_purify,
          lemuel_mausoleum_altar_yredelemnul, mainiacjoe_overflow_big_doors
Temple:   grunt_temple_mini_profane

Skill      XL: |  1  2  3  4  5  6  7  8  9 10 |
---------------+-------------------------------+-----
Axes           | 3 |  3.4
Fighting       | 4 5 6 7 8 9 |  9.4
Armour         | 4 5 6 7 8 |  8.6
Shields        | 4 5 6 7 8 |  8.6
Short Blades   | 1 2 4 6 8 9 |  9.3
Polearms       | 1 |  1.6
Staves         | 1 |  1.3
Evocations     | 2 |  2.6

Action                     |  1- 3 |  4- 6 |  7- 9 | 10-12 || total
---------------------------+-------+-------+-------+-------++-------
  Melee: War axe           |    94 |       |       |       ||    94
         Rapier            |    32 |    98 |   390 |   208 ||   728
         Spear             |       |       |       |    33 ||    33
    Use: Scroll            |     3 |       |     4 |     8 ||    15
         Potion            |       |       |     4 |     6 ||    10
 Armour: Scale mail        |    44 |    30 |    52 |       ||   126
         Swamp dragon scal |       |       |    51 |    11 ||    62
         Plate armour      |       |       |       |   105 ||   105
  Dodge: Dodged            |    43 |    24 |   104 |    44 ||   215
  Block: Buckler           |    48 |    62 |   231 |   159 ||   500
         Reflection        |       |       |     3 |     4 ||     7

Table legend: (Time is in decaauts)
 A = Elapsed time spent in this place.
 B = Non-inter-level travel time spent in this place.
 C = Inter-level travel time spent in this place.
 D = Time resting spent in this place.
 E = Time spent auto-exploring this place.
 F = Levels seen in this place.
 G = Mean time per level.
                   A        B        C        D        E       F      G
               +--------+--------+--------+--------+--------+-----+--------+
         Total |   9280 |   8835 |    445 |    993 |   6227 |  11 |  843.6 |
       Dungeon |   9068 |   8662 |    406 |    993 |   6058 |  10 |  906.8 |
        Temple |    212 |    174 |     38 |      0 |    169 |   1 |  212.0 |
               +--------+--------+--------+--------+--------+-----+--------+

Top non-repeatable levels by time:
     D:6: 1749 daAuts
     D:5: 1503 daAuts
     D:7: 1433 daAuts
     D:2: 1036 daAuts
     D:8: 1020 daAuts
     D:3: 780 daAuts
     D:1: 745 daAuts
     D:4: 683 daAuts
  Temple: 212 daAuts
     D:9: 112 daAuts
    D:10: 2 daAuts
